 Dungeon Crawl Stone Soup version 0.29.1-1-gd02db69 (webtiles) character file.

Game seed: 336462411378137474

35 Vaargak the Sneak (level 3, -1/23 HPs)
             Began as an Octopode Enchanter on Oct 1, 2022.
             Slain by Terence
             ... wielding a +0 trident
              (3 damage)
             ... on level 2 of the Dungeon.
             The game lasted 00:05:44 (1646 turns).

Vaargak the Sneak (Octopode Enchanter)              Turns: 1646, Time: 00:05:44

Health: -1/23      AC:  1    Str:  9    XL:     3   Next: 35%
Magic:  6/6        EV: 13    Int: 17    God:
Gold:   105        SH:  0    Dex: 12    Spells: 6/6 levels left

rFire   . . .      SeeInvis .   a - +1 dagger
rCold   . . .      Faith    .   (no shield)
rNeg    . . .      Spirit   .   (helmet restricted)
rPois   .          Reflect  .   (no amulet)
rElec   .          Harm     .   g - ring of resist corrosion
rCorr   +          Rampage  .   (no ring)
Will    .....                   (no ring)
Stlth   ++++......              (no ring)
HPRegen 0.07/turn               (no ring)
MPRegen 0.10/turn               (no ring)
                                (no ring)
                                (no ring)

@: no status effects
A: almost no armour, amphibious, 8 rings, camouflage 1, gelatinous body 1,
(nimble swimmer 1), tentacles
a: no special abilities


You were on level 2 of the Dungeon.
You visited 1 branch of the dungeon, and saw 2 of its levels.

You collected 105 gold pieces.

Inventory:

Hand Weapons
 a - a +1 dagger (weapon)
Jewellery
 g - a ring of resist corrosion (left tentacle)
Scrolls
 d - a scroll of blinking {unknown}
 e - a scroll of identify {unknown}
 h - a scroll of magic mapping {unknown}
 i - a scroll of noise {unknown}
Potions
 b - 2 potions of invisibility
 c - a potion of berserk rage {unknown}
 f - a potion of haste {unknown}
 j - a potion of might {unknown}


   Skills:
 * Level 1.1 Fighting
 + Level 1.2 Short Blades
 + Level 2.0 Dodging
 + Level 4.6 Stealth
 + Level 2.3 Spellcasting
 + Level 3.3 Hexes


You had 6 spell levels left.
You didn't know any spells.
Your spell library contained the following spells:

 Spells                   Type           Power      Damage    Failure   Level
 Ensorcelled Hibernation  Hex/Ice        14%        N/A       14%         2
 Confusing Touch          Hex            13%        N/A       14%         3
 Tukima's Dance           Hex            13%        N/A       14%         3
 Dazzling Flash           Conj/Hex       14%        N/A       28%         3


Dungeon Overview and Level Annotations

Branches:
Dungeon (2/15)

Altars:

Shops:
D:2 :

Annotations:
D:2 Terence


Innate Abilities, Weirdness & Mutations

You cannot wear most types of armour.
You are amphibious.
You can wear up to eight rings at the same time.
Your skin changes colour to match your surroundings (Stealth+).
Your rubbery body absorbs attacks. (AC +1, EV +1)
((You are camouflaged when in or above water. (Stealth+)))
You have tentacles for arms and can constrict up to eight enemies at once.


Message History

A frilled lizard is nearby!
The helpless frilled lizard fails to defend itself.
You impale the frilled lizard!!
You kill the frilled lizard!
Found Douwn's Vocational Training.
A dart slug comes into view.
A kobold comes into view. It is wielding a +0 club.
Found a viscous silvery potion.
The helpless dart slug fails to defend itself.
You impale the dart slug!!
You kill the dart slug!
Your Fighting skill increases to level 1!
You see here a dart slug corpse.
The helpless kobold fails to defend itself.
You puncture the kobold!
You kill the kobold!
There is an entrance to Douwn's Vocational Training here.
j - a viscous silvery potion A kobold comes into view.
It is wielding a +0 short sword.
The kobold shouts!
You hit the kobold but do no damage. You grab the kobold.
You constrict the kobold.
Terence the Incautious comes into view.
He is wielding a +0 trident.
The kobold hits you with a +0 short sword.
Terence shouts!
You hit the kobold. You squeeze the kobold.
You kill the kobold!
Things that are here:
a +0 short sword; a kobold corpse Terence hits you from afar with a +0 trident!
Terence hits you with a +0 trident.
You hit Terence. You grab Terence. You squeeze Terence.
Terence is moderately wounded.
You constrict Terence. Terence hits you with a +0 trident!
* * * LOW HITPOINT WARNING * * *
You hit Terence but do no damage.
Terence is moderately wounded.
You constrict Terence, but do no damage.
Terence hits you with a +0 trident.
You die...

#### ... ..# #.#
#.#####@##
#......@.#
#######..#
#.)#########
#.....#....#######
##................
####.#....#######
#.#....#######
#.............
####....^...###


You could see Terence.

Vanquished Creatures
  A worm (D:2)
  A dart slug (D:2)
  3 ball pythons (D:1)
  4 bats
  3 endoplasms
  A giant cockroach (D:1)
  2 hobgoblins
  3 quokkas (D:1)
  A frilled lizard (D:2)
  2 goblins (D:1)
  5 kobolds
  A rat (D:1)
27 creatures vanquished.

Notes
Turn   | Place    | Note
-------+----------+-------------------------------------------
     0 | D:1      | Vaargak the Octopode Enchanter began the quest for the Orb.
     0 | D:1      | Reached XP level 1. HP: 11/11 MP: 3/3
   587 | D:1      | Reached XP level 2. HP: 18/18 MP: 5/5
  1465 | D:2      | Reached XP level 3. HP: 22/22 MP: 6/6
  1611 | D:2      | Found Douwn's Vocational Training.
  1617 | D:2      | Reached skill level 1 in Fighting
  1640 | D:2      | Noticed Terence
  1646 | D:2      | Slain by Terence

Illustrated notes

Levels and vault maps discovered:
D:1:      scummos_arrival_star, layout_basic
D:2:      layout_basic, nicolae_shop_vocational, uniq_terence

Skill      XL: |  1  2  3 |
---------------+----------+-----
Fighting       | 1 |  1.1
Short Blades   | |  1.2
Dodging        | |  2.0
Stealth        | |  4.6
Spellcasting   | |  2.3
Hexes          | |  3.3

Action                   || total
-------------------------++-------
Melee: Dagger            ||    48
       Constrict         ||    13
       Tentacles         ||    13
 Stab: Sleeping          ||     8
Armor: Skin              ||     3
Dodge: Dodged            ||    16
